Map: Dusk Towers

Players

Frozzen - Winner!

  • Race: Zerg Zerg
  • League: Gold

EnergySource

  • Race: Protoss Protoss

VOD

Have the link to the VOD?

Description

Time

  • Played on: Nov. 13, 2015, 12:42 p.m.
  • Length: 9:37
Show
View Real Time Build Order
Export as new Build Order

Frozzen Zerg - Winner!

Build Orders: Hatch First 

Get SALT Encoding   

  12  0:00  Drone  
  13  0:08  Drone  
  14  0:17  Overlord  
  14  0:24  Drone, Extractor  
  15  0:36  Drone x2  
  17  0:54  Hatchery  
  17  0:55  Drone  
  17  0:59  Drone  
  18  1:05  Drone  
  19  1:15  Spawning Pool  
  19  1:18  Drone  
  19  1:27  Drone  
  19  1:31  Extractor  
  19  1:37  Drone  
  20  1:48  Overlord  
  20  2:02  Queen  
  20  2:06  Queen  
  20  2:07  Zergling x4  
  26  2:11  Drone  
  27  2:17  Drone  
  27  2:20  Drone  
  29  2:28  Drone  
  30  2:34  Overlord  
  30  2:41  Drone  
  30  2:42  Drone  
  32  2:44  Queen  
  32  2:46  Extractor  
  32  2:49  Drone  
  32  2:50  Metabolic Boost  
  34  2:53  Drone  
  35  3:00  Drone  
  36  3:06  Drone  
  36  3:17  Overlord x2  
  36  3:19  Drone x5  
  40  3:26  Zergling x2  
  41  3:32  Roach Warren  
  40  3:35  Drone x2  
  40  3:39  Drone  
  43  3:41  Hatchery  
  42  3:52  Zergling x8  
  42  3:53  Zergling x4  
  48  4:08  Overlord x2  
  44  4:19  Spore Crawler  
  44  4:21  Spore Crawler, Roach  
  44  4:22  Roach x4  
  52  4:29  Roach x2  
  56  4:35  Drone x2  
  56  4:36  Drone  
  56  4:37  Drone  
  59  4:45  Roach  
  59  4:46  Roach  
  59  4:50  Roach x2  
  64  4:55  Drone x3  
  65  5:05  Roach x3  
  71  5:08  Lair  
  71  5:10  Drone  
  71  5:12  Drone  
  71  5:13  Drone  
  74  5:16  Drone  
  74  5:17  Drone  
  74  5:20  Drone  
  77  5:27  Ravager, Extractor  
  77  5:28  Ravager x3  
  80  5:31  Overlord  
  80  5:32  Overlord  
  80  5:38  Drone  
  81  5:45  Hatchery  
  81  5:46  Drone  
  81  5:48  Evolution Chamber  
  80  5:52  Drone x4  
  80  5:53  Drone  
  85  6:21  Zerg Missile Weapons Level 1  
  85  6:24  Drone, Extractor  
  85  6:25  Drone x13  
  95  6:52  Spore Crawler  
  91  6:54  Extractor  
  91  6:55  Drone x2, Extractor  
  89  7:04  Glial Reconstitution  
  89  7:07  Drone x2  
  91  7:09  Hydralisk Den  
  91  7:11  Drone x2  
  91  7:12  Drone x4  
  91  7:14  Queen  
  98  7:16  Roach x3  
  98  7:19  Overlord x3  
  104  7:33  Overlord x2  
  104  7:34  Overlord  
  104  7:35  Overlord x2  
  104  7:36  Overlord x2  
  104  7:38  Muscular Augments  
  104  7:39  Hydralisk  
  104  7:40  Hydralisk x5  
  116  7:46  Ravager x4  
  116  7:47  Hydralisk  
  116  7:48  Hydralisk x2  
  126  8:01  Drone x2  
  126  8:05  Hydralisk x5  
  128  8:06  Hydralisk  
  128  8:07  Hatchery  
  128  8:09  Hydralisk  
  141  8:14  Overseer  
  141  8:40  Zergling x14  
  141  8:41  Infestation Pit, Zergling x20  
  153  9:03  Zergling x2  
  153  9:04  Zergling x10  
  157  9:23  Drone  
Show
View Real Time Build Order
Export as new Build Order

EnergySource Protoss 

Build Orders: 1 Gate Expand 

Get SALT Encoding   

  12  0:01  Probe (Chrono Boost)  
  13  0:11  Probe (Chrono Boost)  
  14  0:24  Probe (Chrono Boost), Pylon  
  15  0:41  Pylon  
  15  0:42  Probe (Chrono Boost)  
  16  0:51  Gateway  
  16  0:53  Probe (Chrono Boost)  
  17  1:03  Probe (Chrono Boost)  
  17  1:04  Assimilator  
  18  1:29  Nexus  
  18  1:41  Gateway  
  18  1:42  Probe (Chrono Boost)  
  19  1:51  Cybernetics Core  
  19  1:56  Zealot (Chrono Boost)  
  19  1:59  Probe  
  22  2:17  Probe, Pylon  
  23  2:29  Probe  
  24  2:31  Adept (Chrono Boost)  
  24  2:36  Adept (Chrono Boost)  
  30  2:44  Mothership Core (Chrono Boost)  
  30  2:46  Assimilator  
  30  2:49  Probe (Chrono Boost)  
  31  3:00  Probe (Chrono Boost)  
  31  3:03  Probe (Chrono Boost)  
  33  3:10  Probe (Chrono Boost)  
  34  3:13  Probe (Chrono Boost)  
  35  3:22  Warp Gate (Chrono Boost)  
  35  3:31  Probe (Chrono Boost), Assimilator  
  35  3:32  Probe (Chrono Boost)  
  37  3:35  Assimilator  
  37  3:41  Probe (Chrono Boost)  
  37  3:42  Probe (Chrono Boost)  
  37  3:47  Adept x2  
  43  3:51  Probe  
  43  3:54  Probe  
  45  4:01  Probe  
  45  4:06  Probe  
  43  4:20  Adept x2  
  43  4:22  Probe  
  47  4:26  Probe  
  49  4:33  Probe  
  49  4:34  Pylon  
  49  4:38  Probe  
  51  4:39  Stargate  
  51  4:43  Probe  
  50  4:47  Adept x2, Pylon  
  50  4:50  Probe  
  51  4:54  Probe  
  52  5:02  Probe  
  52  5:05  Probe  
  54  5:12  Nexus  
  54  5:14  Probe, Adept  
  54  5:15  Adept, Pylon  
  59  5:21  Pylon  
  59  5:36  Void Ray (Chrono Boost)  
  63  5:52  Gateway  
  63  5:55  Forge  
  63  6:06  Adept x2  
  58  6:17  Void Ray (Chrono Boost)  
  54  6:23  Forge  
  54  6:55  Void Ray (Chrono Boost)  
  54  6:59  Stargate  
  58  7:01  Fleet Beacon  
  58  7:02  Probe  
  59  7:13  Probe  
  60  7:20  Pylon  
  60  7:22  Pylon  
  60  7:24  Probe, Pylon  
  60  7:26  Protoss Shields Level 1  
  61  7:34  Probe  
  62  7:39  Robotics Facility  
  62  7:42  Adept x2  
  66  7:45  Probe  
  66  7:48  Pylon  
  66  7:50  Gateway  
  67  7:55  Probe, Gateway  
  68  8:04  Gateway  
  68  8:06  Probe, Tempest (Chrono Boost)  
  68  8:10  Tempest (Chrono Boost)  
  68  8:12  Zealot x2  
  79  8:16  Probe  
  78  8:27  Probe  
  78  8:33  Twilight Council  
  79  8:37  Probe  
  68  9:09  Stalker x2  
  54  9:32  Fleet Beacon  
Tags
 
Add a new tag
Caveats
  • Supply blocks, unpowered buildings, or Contaminate may cause inaccurate times.
  • Supply counts are checked every 10 seconds.